 Dungeon Sprint DCSS version 0.31-a0-664-g902f515a81 (webtiles) character file.

Game seed: 10459202899940255637

1304 rocky1 the Carver (level 8, -20/68 HPs)
             Began as a Djinni Gladiator on Sept 3, 2023.
             Was an Initiate of Gozag.
             Killed from afar by a deep elf zephyrmancer (24 damage)
             ... with a bolt of lightning
             ... in the Dungeon (Sprint VII: "The Pits").
             The game lasted 00:02:57 (847 turns).

rocky1 the Carver (Djinni Gladiator)                 Turns: 847, Time: 00:02:57

Health: -20/68     AC: 11    Str: 13    XL:     8   Next: 88%
Gold:   1557       EV: 12    Int: 10    God:    Gozag SH:  0 Dex: 17

rFire   + + .        n - +2 long sword (holy)
rCold   x . .        (no shield)
rNeg    . . .        p - +3 scale mail
rPois   ∞            c - +0 helmet
rElec   .            (no cloak)
rCorr   .            (no gloves)
SInv    .            (boots unavailable)
Will    .....        (no amulet) Stlth
                     (no ring)
HPRegen 0.31/turn    (no ring)
MPRegen 0.00/turn

%: no teleportation, infuse magic (-21 HP)
@: gold aura, flying
A: sickness immunity, fire resistance 2, cold vulnerability 1, float, innate
caster, HP casting, extra vitality 1
a: Renounce Religion, Potion Petition, Call Merchant, Bribe Branch


You were in the Dungeon.
You worshipped Gozag.
Gozag was most pleased with you.
You visited 1 branch You collected 1557 gold pieces.

Inventory:

Hand Weapons
 a - a +0 long sword
 n - a +2 long sword of holy wrath (weapon)
Missiles
 d - 3 throwing nets (quivered)
 e - a javelin
Armour
 b - a +0 leather armour
 c - a +0 helmet (worn)
 o - a +3 ring mail
 p - a +3 scale mail (worn)
Scrolls
 j - a scroll of blinking
 l - 2 scrolls of vulnerability
 m - a scroll of butterflies
Potions
 f - 6 potions of curing
 g - 4 potions of heal wounds
 h - a potion of haste
 i - 2 potions of berserk rage
 k - 2 potions of invisibility


   Skills:
 + Level 9.7 Fighting
 * Level 12.5 Long Blades
 - Level 1.5 Throwing
 + Level 6.0 Armour
 + Level 7.5 Dodging


You knew the following spells:

 Your Spells              Type           Power      Damage    Failure   Level
a - Kiss of Death         Conj/Necr      0%         2d5       83%         1
b - Blink                 Tloc           0%         N/A       93%         2
c - Mephitic Cloud        Conj/Pois/Air  0%         N/A       99%         3
Your spell library was empty.

Dungeon Overview and Level Annotations

Branches:
Dungeon (1/1)

Altars:
Ashenzari
Cheibriados
Dithmenos
Elyvilon
Fedhas
Gozag
Hepliaklqana
Makhleb
Nemelex Xobeh
Okawaru
Qazlal
Ru
Trog
Uskayaw
Wu Jian
Xom
Yredelemnul
Zin
The Shining One
Jiyva
Lugonu


Innate Abilities, Weirdness & Mutations

You are immune to sickness and miasma.
You are immune to poison.
Your flesh is very heat resistant. (rF++)
You are vulnerable to cold. (rC-)
You float through the air rather than walking.
You learn spells naturally, not from books.
Your magical power is your life essence.
You have superior vitality. (+4 MHP)


Message History

You hit the wizard.
The wizard is moderately wounded.
You slash the wizard!
The wizard is heavily wounded.
The wizard misses you.
You miss the wizard.
The wizard is heavily wounded.
The wizard hits you with a +0 dagger.
You barely miss the wizard.
The wizard is heavily wounded.
The deep elf zephyrmancer gestures wildly while chanting.
The deep elf zephyrmancer blinks!
The wizard closely misses you.
You slash the wizard!
The wizard is severely wounded.
You closely miss the wizard.
The wizard is severely wounded.
The orc warrior hits you from afar with a +0 trident.
The wizard mumbles some strange words.
The wizard flickers and vanishes!
Deactivating autopickup; reactivate with Ctrl-A.
The deep elf zephyrmancer casts a spell at you.
The bolt of lightning hits you!!
You miss something.
The deep elf zephyrmancer hits you but does no damage.
Something hits you but does no damage.
The orc warrior hits you but does no damage.
Unknown command.
You closely miss something.
The deep elf zephyrmancer points at you and mumbles some strange words.
The bolt of lightning hits you!!
* * * LOW HITPOINT WARNING * * *
The orc warrior is distracted by your dazzling golden aura.
Something hits you but does no damage.
The orc warrior shouts!
You closely miss something.
The orc warrior is no longer distracted by gold.
The deep elf zephyrmancer points at you and mumbles some strange words.
The bolt of lightning hits you!!
You die...
Your body crumbles into a pile of gold.

#.##)####+###.......#
#.#........##.......#
#.#........##.......#
#.#####'#####...<...#
#.#...))...##.......#
#.#...)))..##.......#
#'###########.......#
#.......#.e##########
#...#...#@## ###
#...#...#{# ...#
#.##.##.#o#....#
#...#...#o'o.§.+
#...#...#'#.e..#
#.......).#....#
########### ####


You could see a deep elf zephyrmancer, an orc warrior and an orc wizard.

Vanquished Creatures
  Pikel (D)
  Prince Ribbit (D)
  A floating eye (D)
  A sky beast (D)
  A lemure (D)
  A centaur (D)
  A phantom (D)
  3 scorpions (D)
  A gnoll bouda (D)
  An orc wizard (D)
  6 gnolls (D)
  A river rat (D)
  An ufetubus (D)
  An orc (D)
  An endoplasm (D)
  A giant cockroach (D)
  A goblin (D)
  2 hobgoblins (D)
  3 jackals (D)
  A quokka (D)
  A frilled lizard (D)
31 creatures vanquished.

Notes
Turn   | Place    | Note
-------+----------+-------------------------------------------
     0 | D        | rocky1 the Djinni Gladiator began the quest for the Orb.
     0 | D        | Reached XP level 1. HP: 18/18 MP: 0/0
    22 | D        | Reached skill level 4 in Long Blades
    22 | D        | Reached XP level 2. HP: 20/25 MP: 0/0
    27 | D        | Found a bloodstained altar of Trog.
    27 | D        | Found a viscous altar of Jiyva.
    27 | D        | Found a hazy altar of Hepliaklqana.
    27 | D        | Found an opulent altar of Gozag.
    28 | D        | Found a glowing golden altar of the Shining One.
    28 | D        | Found a glowing silver altar of Zin.
    28 | D        | Found a basalt altar of Yredelemnul.
    28 | D        | Found a shimmering altar of Xom.
    28 | D        | Found an ornate altar of the Wu Jian Council.
    28 | D        | Found a sacrificial altar of Ru.
    28 | D        | Found a stormy altar of Qazlal.
    28 | D        | Found an iron altar of Okawaru.
    28 | D        | Found a sparkling altar of Nemelex Xobeh.
    28 | D        | Found a burning altar of Makhleb.
    28 | D        | Found a blossoming altar of Fedhas.
    28 | D        | Found a white marble altar of Elyvilon.
    28 | D        | Found a shadowy altar of Dithmenos.
    28 | D        | Found a snail-covered altar of Cheibriados.
    32 | D        | Found a corrupted altar of Lugonu.
    33 | D        | Found a broken altar of Ashenzari.
    33 | D        | Found a hide-covered altar of Uskayaw.
    35 | D        | Became a worshipper of Gozag Ym Sagoz the Greedy
    85 | D        | Noticed a scorpion
    91 | D        | Killed a scorpion
    92 | D        | Reached skill level 6 in Long Blades
    92 | D        | Reached XP level 3. HP: 26/32 MP: 0/0
    92 | D        | Learned a level 1 spell: Kiss of Death
    92 | D        | Reached XP level 4. HP: 31/38 MP: 0/0
    94 | D        | Reached skill level 5 in Fighting
   136 | D        | Noticed a scorpion
   143 | D        | Killed a scorpion
   144 | D        | Reached skill level 7 in Long Blades
   144 | D        | Reached XP level 5. HP: 34/45 MP: 0/0
   144 | D        | Learned a level 2 spell: Blink
   184 | D        | Noticed a phantom
   199 | D        | Killed a phantom
   200 | D        | Reached skill level 9 in Long Blades
   200 | D        | Reached XP level 6. HP: 30/51 MP: 0/0
   473 | D        | Noticed a floating eye
   473 | D        | Noticed Prince Ribbit
   473 | D        | Noticed a sky beast
   506 | D        | Paralysed by a floating eye for 4 turns
   514 | D        | Killed a floating eye
   515 | D        | Reached skill level 10 in Long Blades
   515 | D        | Reached XP level 7. HP: 48/59 MP: 0/0
   515 | D        | Learned a level 3 spell: Mephitic Cloud
   534 | D        | Reached skill level 5 in Dodging
   538 | D        | Killed Prince Ribbit
   539 | D        | Reached skill level 11 in Long Blades
   549 | D        | Reached XP level 8. HP: 38/67 MP: 0/0
   579 | D        | Noticed Pikel
   601 | D        | Killed Pikel
   602 | D        | Reached skill level 12 in Long Blades
   602 | D        | Reached skill level 5 in Armour
   828 | D        | Noticed a wizard
   828 | D        | Noticed a deep elf zephyrmancer
   847 | D        | Killed from afar by a deep elf zephyrmancer

Illustrated notes

Levels and vault maps discovered:
D:        pitsprint [storerooms_1, entrance_room_1, metal_vault_3, armoury_1,
          mini_pit_1, grid_room_1, main_hall_1, silver_pit, the_coven_3,
          the_vestibule_1, steel_vault_4, golden_pit, hallway_of_sentries,
          crystal_vault_6, iron_vault_4, final_vault]

Skill      XL: |  1  2  3  4  5  6  7  8 |
---------------+-------------------------+-----
Fighting       | 3 4 5 6 8 9 |  9.7
Long Blades    | 4 6 7 9 10 11 12 | 12.5
Armour         | 2 4 6 |  6.0
Dodging        | 4 6 7 |  7.5
Throwing       | |  1.5

Action                     |  1- 3 |  4- 6 |  7- 9 || total
---------------------------+-------+-------+-------++-------
  Melee: Long sword        |    21 |    60 |    95 ||   176
         Punch             |       |     1 |     2 ||     3
    Use: Potion            |       |       |     3 ||     3
 Armour: Leather armour    |     9 |    15 |       ||    24
         Scale mail        |       |     9 |    63 ||    72
  Dodge: Dodged            |    15 |    26 |    34 ||    75

Table legend: (Time is in decaauts)
 A = Elapsed time spent in this place.
 B = Non-inter-level travel time spent in this place.
 C = Inter-level travel time spent in this place.
 D = Time resting spent in this place.
 E = Time spent auto-exploring this place.
 F = Levels seen in this place.
 G = Mean time per level.
                   A        B        C        D        E       F      G
               +--------+--------+--------+--------+--------+-----+--------+
         Total |    839 |    825 |     14 |    411 |      0 |   1 |  839.0 |
       Dungeon |    839 |    825 |     14 |    411 |      0 |   1 |  839.0 |
               +--------+--------+--------+--------+--------+-----+--------+

Top non-repeatable levels by time:
       D: 839 daAuts
